 Dungeon Crawl Stone Soup version 0.28.0 (webtiles) character file.

Game seed: 17445416025565412857

396 crazypyro the Chopper (level 6, 0/56 HPs)
             Began as a Minotaur Fighter on Feb 5, 2022.
             Slain by Eustachio (3 damage)
             ... on level 4 of the Dungeon.
             The game lasted 00:03:28 (3164 turns).

crazypyro the Chopper (Minotaur Fighter)            Turns: 3164, Time: 00:03:29

Health: 0/56       AC:  7    Str: 22    XL:     6   Next: 52%
Magic:  5/5        EV:  9    Int:  5    God:
Gold:   129        SH:  0    Dex: 10    Spells: 5/5 levels left

rFire   . . .      SeeInvis .   a - +0 war axe
rCold   . . .      Faith    .   c - +0 buckler
rNeg    . . .      Spirit   .   b - +0 scale mail
rPois   .          Reflect  .   (helmet restricted)
rElec   .          Harm     .   (no cloak)
rCorr   .          Rampage  .   (no gloves)
Will    .....                   (no boots)
Stlth   ..........              (no amulet)
HPRegen 0.18/turn               (no ring)
MPRegen 0.09/turn               (no ring)

@: confused, brilliant, lethally poisoned (0 -> -14), ambrosia-drunk
A: horns 2, retaliatory headbutt
a: no special abilities


You were on level 4 of the Dungeon.
You visited 1 branch of the dungeon, and saw 4 of its levels.

You collected 129 gold pieces.

Inventory:

Hand Weapons
 a - a +0 war axe (weapon)
Armour
 b - a +0 scale mail (worn)
 c - a +0 buckler (worn)
Wands
 l - a wand of digging (11)
Scrolls
 d - 2 scrolls of identify {unknown}
 g - 3 scrolls of fear {unknown}
 j - 4 scrolls of magic mapping {unknown}
 k - a scroll of teleportation {unknown}
 n - a scroll of vulnerability {unknown}
 o - a scroll of enchant weapon {unknown}
 p - a scroll of noise {unknown}
Potions
 h - a potion of heal wounds {unknown}
 i - a potion of mutation {unknown}
 m - a potion of attraction {unknown}
 q - a potion of flight {unknown}
 r - a potion of lignification {unknown}
 s - a potion of degeneration {unknown}


   Skills:
 + Level 5.1 Fighting
 * Level 5.6 Axes
 + Level 5.1 Armour
 + Level 5.2 Shields


You had 5 spell levels left.
You didn't know any spells.
Your spell library was empty.

Dungeon Overview and Level Annotations

Branches:
Dungeon (4/15)
 Temple: D:4-7

Altars:

Shops:
D:4 [

Annotations:
D:2 1 runed translucent door, Crazy Yiuf
D:3 2 transporters, Prodoman's ghost, amateur DsWz
D:4 Eustachio


Innate Abilities, Weirdness & Mutations

You have a pair of horns on your head.
You reflexively headbutt those who attack you in melee.


Message History

Eustachio blinks!
You feel very sick.
Eustachio is nearby!
You feel very sick.
Eustachio twirls his moustache.
You see here 12 gold pieces.
You barely miss Eustachio. Your headbutt misses Eustachio.
Eustachio is moderately wounded.
You feel very sick.
Eustachio gestures wildly while chanting.
Eustachio blinks!
You feel sick.
You feel sick.
Eustachio hits you with a +0 rapier of venom.
You are lethally poisoned!
You closely miss Eustachio. Your headbutt misses Eustachio.
Eustachio is moderately wounded.
* * * LOW HITPOINT WARNING * * *
You feel very sick. Eustachio closely misses you. You furiously retaliate!
You headbutt Eustachio! You slash Eustachio!
Eustachio is severely wounded.
* * * LOW HITPOINT WARNING * * *
You feel very sick. Eustachio barely misses you.
Eustachio hits you with a +0 rapier of venom.
* * * LOW HITPOINT WARNING * * *
You are more poisoned.
It was a potion of ambrosia.
You are confused.
You feel invigorated.
* * * LOW HITPOINT WARNING * * *
You feel very sick. Eustachio barely misses you.
It was a potion of brilliance.
You feel clever all of a sudden.
* * * LOW HITPOINT WARNING * * *
You feel very sick.
Eustachio hits you with a +0 rapier of venom.
You die...

##...##.##...........#
######.#####..####.##
#.#####..# #.#
#.....)..####.#
#######.......#
##.######
#.###############
##@##........(....
#..@..∩$####.#####
#..#.$$$# # #....##.#
......#.......#
####.......####
##.####.# #.# #.# #.#
#.. ####


You could see Eustachio.

Vanquished Creatures
  Sigmund (D:2)
  A gnoll shaman (D:3)
  Ijyb (D:4)
  An iguana (D:4)
  Robin (D:2)
  4 gnolls (D:3)
  A howler monkey skeleton (D:3)
  2 adders
  2 dart slugs (D:1)
  An orc (D:3)
  4 endoplasms
  A giant cockroach (D:1)
  12 goblins
  11 hobgoblins
  9 jackals (D:2)
  3 quokkas
  3 ball pythons
  7 bats
  2 frilled lizards (D:1)
  4 kobolds
  4 rats
75 creatures vanquished.

Vanquished Creatures (others)
  3 plants (D:1)
  11 withered plants (D:1)
14 creatures vanquished.

Grand Total: 89 creatures vanquished

Notes
Turn   | Place    | Note
-------+----------+-------------------------------------------
     0 | D:1      | crazypyro the Minotaur Fighter began the quest for the Orb.
     0 | D:1      | Reached XP level 1. HP: 19/19 MP: 0/0
   197 | D:1      | Reached XP level 2. HP: 27/27 MP: 1/1
   835 | D:1      | Found a faded altar of an unknown god.
   841 | D:1      | Reached XP level 3. HP: 33/33 MP: 2/2
  1076 | D:2      | Noticed Robin
  1088 | D:2      | Killed Robin
  1089 | D:2      | Reached XP level 4. HP: 19/40 MP: 3/3
  1466 | D:2      | Noticed Sigmund
  1599 | D:2      | Killed Sigmund
  1600 | D:2      | Reached XP level 5. HP: 24/47 MP: 4/4
  1817 | D:2      | Found a runed translucent door.
  1818 | D:2      | Noticed Crazy Yiuf
  2098 | D:3      | Reached skill level 5 in Axes
  2261 | D:3      | Found a transporter.
  2261 | D:3      | Noticed Prodoman's ghost (amateur DsWz)
  2287 | D:3      | Reached XP level 6. HP: 51/55 MP: 5/5
  2289 | D:3      | Reached skill level 5 in Shields
  2297 | D:3      | Reached skill level 5 in Fighting
  2298 | D:3      | Reached skill level 5 in Armour
  2783 | D:3      | Found a transporter.
  3010 | D:4      | Noticed Ijyb
  3020 | D:4      | Killed Ijyb
  3127 | D:4      | Found Fotaell's Armour Emporium.
  3148 | D:4      | Noticed Eustachio
  3164 | D:4      | Slain by Eustachio

Illustrated notes

Levels and vault maps discovered:
D:1:      onia_arrival_mini_maze, layout_loops_ring,
          shapermc_ecumenical_altar_flowoftime
D:2:      layout_basic, uniq_robin, uniq_sigmund, uniq_crazy_yiuf_cottage
D:3:      layout_loops_ring, gammafunk_ghost_mausoleum
D:4:      layout_loops_corners, serial_shops, nicolae_shop_advertising_works
          [nicolae_subvault_shop_adworks], shop, nicolae_shop_behind_doors,
          shop_coins, kennysheep_mini_moat, uniq_ijyb, uniq_eustachio

Skill      XL: |  1  2  3  4  5  6 |
---------------+-------------------+-----
Axes           | 3 4 5 |  5.6
Shields        | 4 5 |  5.2
Armour         | 4 5 |  5.1
Fighting       | 4 5 |  5.1

Action                   |  1- 3 |  4- 6 || total
-------------------------+-------+-------++-------
Melee: War axe           |    70 |    83 ||   153
       Headbutt          |     6 |    11 ||    17
  Use: Potion            |       |     3 ||     3
Armor: Scale mail        |    37 |    24 ||    61
Dodge: Dodged            |    48 |    36 ||    84
Block: Buckler           |    21 |    16 ||    37
